 Dungeon Crawl Stone Soup version 0.29-a0-317-gd16b76e6b1 (webtiles) character file.

Game seed: 4611426639210305506

8 sanka the Covert (level 2, 0/29 HPs)
             Began as a Gnoll Delver on Mar 31, 2022.
             Succumbed to an adder's poison
             ... on level 5 of the Dungeon.
             The game lasted 00:01:23 (351 turns).

sanka the Covert (Gnoll Delver)                      Turns: 351, Time: 00:01:24

Health: 0/29       AC:  3    Str: 11    XL:     2   Next: 8%
Magic:  2/2        EV: 13    Int:  9    God:
Gold:   27         SH:  0    Dex: 13    Spells: 1/1 levels left

rFire   . . .      SeeInvis .     - Unarmed
rCold   . . .      Faith    .   (no shield)
rNeg    . . .      Spirit   .   a - +0 leather armour
rPois   .          Reflect  .   (no helmet)
rElec   .          Harm     .   (no cloak)
rCorr   .          Rampage  .   (no gloves)
Will    .....                   (no boots)
Stlth   ++++......              (no amulet)
HPRegen 0.09/turn               (no ring)
MPRegen 0.08/turn               (no ring)

@: brilliant, lethally poisoned (0 -> -7)
A: fangs 1, strong nose, distributed training
a: no special abilities


You were on level 5 of the Dungeon.
You visited 1 branch of the dungeon, and saw 1 of its levels.

You collected 27 gold pieces.


Innate Abilities, Weirdness & Mutations

You have very sharp teeth.
Your uncanny sense of smell can sniff out nearby items.
Your experience applies equally to all skills.


   Skills:
 + Level 6.4 Fighting
 + Level 0.2 Short Blades
 + Level 0.2 Long Blades
 + Level 0.2 Axes
 + Level 0.2 Maces & Flails
 + Level 0.2 Polearms
 + Level 0.2 Staves
 + Level 0.2 Slings
 + Level 0.2 Bows
 + Level 0.2 Crossbows
 + Level 0.2 Throwing
 + Level 0.2 Armour
 + Level 4.4 Dodging
 + Level 9.5 Stealth
 + Level 0.2 Shields
 + Level 4.4 Unarmed Combat
 + Level 0.2 Spellcasting
 + Level 0.1 Conjurations
 + Level 0.1 Hexes
 + Level 0.1 Summonings
 + Level 0.1 Necromancy
 + Level 0.1 Translocations
 + Level 0.1 Transmutations
 + Level 0.1 Fire Magic
 + Level 0.1 Ice Magic
 + Level 0.1 Air Magic
 + Level 0.1 Earth Magic
 + Level 0.1 Poison Magic
 + Level 0.3 Invocations
 + Level 0.2 Evocations


You had one spell level left.
You didn't know any spells.
Your spell library was empty.

Inventory:

Hand Weapons
 g - a +0 war axe
 k - a +0 dagger of venom
Armour
 a - a +0 leather armour (worn)
Wands
 f - a wand of digging (3)
Scrolls
 b - a scroll of fog
 c - a scroll of magic mapping
 d - a scroll of fear
 h - a scroll of enchant armour {unknown}
 i - a scroll of identify {unknown}
Potions
 e - a potion of haste {@q3}

Dungeon Overview and Level Annotations

Branches:
Dungeon (5/15)
 Temple: D:4-7

Altars:
Nemelex Xobeh
Vehumet

Annotations:
D:5 Dowan, Duvessa

▒.▒▒.......▒ ▒'▒▒▒..▒
▒.▒..▒.▒...▒ ▒.▒ ▒..▒
▒▒.▒........▒▒▒.▒▒▒...
▒.o...................
▒▒▒...▒▒r▒▒.▒▒..........
▒.....▒..▒▒.▒▒▒.▒.......
▒▒.▒..▒▒r▒▒▒.▒ ▒.........
▒▒▒▒▒▒.....▒▒S▒ ▒.▒
▒▒▒▒......
▒.......▒..▒▒g▒ ▒>▒
▒......
▒▒▒▒......▒...>.)▒▒▒)▒▒▒▒
▒▒.....
..▒▒....................▒
▒.....
..▒...........>.........▒
▒.....
..▒.....................▒
▒▒▒▒▒▒
........................▒
..................▒▒▒▒▒▒▒
..▒...............▒
..▒▒.............▒▒


You could see an adder and 2 quokkas.


Message History

The adder bites you.
* * * LOW HITPOINT WARNING * * *
You have reached level 2!
Unknown command.
You closely miss the adder.
You feel sick. The adder barely misses you.
A quokka comes into view.
Unknown command.
You hit the adder. Your bite misses the adder.
The adder is heavily wounded.
You feel sick. The adder barely misses you.
Unknown command.
You hit the adder.
The adder is heavily wounded.
You feel sick.
You are no longer poisoned.
The adder bites you but does no damage. The adder closely misses you.
You closely miss the adder.
The adder is heavily wounded.
The adder bites you.
* * * LOW HITPOINT WARNING * * *
You are lethally poisoned!
The adder poisons you!
It was a potion of brilliance.
You feel clever all of a sudden.
You die...

Action                   || total
-------------------------++-------
Melee: Unarmed           ||    21
       Bite              ||     2
  Use: Potion            ||     1
Armor: Leather armour    ||     6
Dodge: Dodged            ||    11

Levels and vault maps discovered:
D:5:      layout_rooms, mainiacjoe_overflow_catwalk, lemuel_doored_altar,
          minmay_temple_entry_proselytizer, grunt_ministairs_9, uniq_duvessa

Notes
Turn   | Place    | Note
-------+----------+-------------------------------------------
     0 | D:5      | Reached skill level 9 in Stealth
     0 | D:5      | sanka the Gnoll Delver began the quest for the Orb.
     0 | D:5      | Reached XP level 1. HP: 23/23 MP: 1/1
    31 | D:5      | Found a radiant altar of Vehumet.
    54 | D:5      | Noticed Dowan
    56 | D:5      | Noticed Duvessa
    56 | D:5      | Noticed an ice beast
    90 | D:5      | Found a sparkling altar of Nemelex Xobeh.
   335 | D:5      | Noticed a scorpion
   347 | D:5      | Reached XP level 2. HP: 6/29 MP: 2/2
   350 | D:5      | HP: 2/29 [adder (1)]
   351 | D:5      | Succumbed to an adder's poison

Vanquished Creatures
  4 orcs (D:5)
4 creatures vanquished.
